 Dungeon Crawl Stone Soup version 0.27-a0-1359-ga2a4dfd6fd (webtiles) character file.

Game seed: 779005633604333516

51 senseless the Shield-Bearer (level 3, -6/24 HPs)
             Began as a Gargoyle Fighter on June 28, 2021.
             Was a Follower of Jiyva.
             Mangled by Sigmund (10 damage)
             ... on level 2 of the Dungeon.
             The game lasted 00:04:23 (1812 turns).

senseless the Shield-Bearer (Gargoyle Fighter)      Turns: 1812, Time: 00:04:24

Health: -6/24      AC: 10    Str: 19    XL:     3   Next: 81%
Magic:  3/3        EV:  7    Int:  7    God:    Jiyva [*.....]
Gold:   53         SH:  0    Dex: 11    Spells: 2/2 levels left

rFire    . . .     SeeInvis .   j - +2 mace (holy)
rCold    . . .     Faith    .   c - +0 kite shield
rNeg     + . .     Spirit   .   b - +0 scale mail
rPois    ∞         Reflect  .   (no helmet)
rElec    +         Harm     .   (no cloak)
rCorr    .         Rampage  .   (no gloves)
Will     .....                  (no boots)
Stlth    ..........             (no amulet)
HPRegen  0.08/turn              (no ring)
MPRegen  0.08/turn              (no ring)

@: confused, mighty
A: sickness immunity, AC +3, negative energy resistance 1, electricity
resistance, torment resistance 1, petrification resistance
a: Renounce Religion, Request Jelly


You were on level 2 of the Dungeon.
You worshipped Jiyva.
Jiyva was aware of your devotion.
You visited 1 branch of the dungeon, and saw 2 of its levels.

You collected 53 gold pieces.

Inventory:

Hand Weapons
 a - a +0 flail
 j - a +2 mace of holy wrath (weapon)
Armour
 b - a +0 scale mail (worn)
 c - a +0 kite shield (worn)
Scrolls
 e - a scroll of blinking {unknown}
 f - a scroll of magic mapping {unknown}
 g - a scroll of enchant armour {unknown}
 k - a scroll of enchant weapon {unknown}
 l - a scroll of torment {unknown}
 n - a scroll of identify {unknown}
Potions
 h - a potion of brilliance {unknown}
 i - 3 potions of curing {unknown}
 m - a potion of ambrosia {unknown}


   Skills:
 + Level 3.7 Fighting
 + Level 2.7 Maces & Flails
 + Level 3.7 Armour
 + Level 0.2 Dodging
 + Level 3.7 Shields


You had 2 spell levels left.
You didn't know any spells.
Your spell library was empty.

Dungeon Overview and Level Annotations

Branches:
Dungeon (2/15)

Altars:
Jiyva

Annotations:
D:2 Sigmund


Innate Abilities, Weirdness & Mutations

You are immune to sickness and miasma.
Your stone body is resilient. (AC +3)
You are immune to poison.
You resist negative energy. (rN+)
You are resistant to electric shocks. (rElec)
You are resistant to unholy torment.
You are immune to petrification.


Message History

You hear a distant slurping noise.
You hear a distant slurping noise.
Jiyva says: Divide and consume!
Found a stone staircase leading up.
You hear a distant slurping noise.
You hear a distant slurping noise.
n - a scroll labelled RUAJAU VECZEAT You swap places.
You stumble into a teleport trap!
You are suddenly yanked towards a nearby monster!
Your surroundings suddenly seem different.
Sigmund the Dreaded comes into view.
He is wielding a +0 scythe.
Sigmund shouts!
You block Sigmund's attack.
Found a stone staircase leading down.
You feel very mighty all of a sudden.
Sigmund screams, "Die, monster!"
Sigmund casts a spell.
Sigmund flickers and vanishes!
Deactivating autopickup; reactivate with Ctrl-A.
You closely miss something. Something hits you!
You closely miss something. Something hits you but does no damage.
You hear some strange, mumbled words.
A magic dart appears from out of thin air!
The magic dart hits you!
You hit something.
You hear some strange, mumbled words.
A magic dart appears from out of thin air!
The magic dart hits you.
* * * LOW HITPOINT WARNING * * *
You closely miss something.
You hear some strange, mumbled words.
Something tries to affect you, but you resist.
You block something's attack.
You closely miss something. Something hits you but does no damage.
Your scale mail prevents you from hitting something.
You hear some strange, mumbled words.
You are confused.
Something hits you!
You die...

...##.# ##.#.# #...#..###.#
...##.####...#.#.#........#
...##........#........##### #
........†##..###...#.######.#
.................###........#
...[.....###.###.# #######..#
.........# .. #.# ..#
.........# ..##.# ..#
.........# #..#@# ..#
.........# #...{....... ..#
###......# ##...####### ...
#...# ### ..>.# .##..# #.
#..# # #...


There were no monsters in sight!

Vanquished Creatures
  2 adders (D:2)
  An orc (D:2)
  5 ball pythons
  2 endoplasms (D:1)
  2 giant cockroaches
  3 goblins
  4 hobgoblins (D:1)
  6 bats (D:1)
  2 frilled lizards (D:2)
  2 kobolds
  A rat (D:1)
30 creatures vanquished.

Vanquished Creatures (others)
  A quokka (D:2)
1 creature vanquished.

Grand Total: 31 creatures vanquished

Notes
Turn   | Place    | Note
-------+----------+-------------------------------------------
     0 | D:1      | senseless the Gargoyle Fighter began the quest for the Orb.
     0 | D:1      | Reached XP level 1. HP: 14/14 MP: 1/1
   398 | D:1      | Reached XP level 2. HP: 15/19 MP: 2/2
   808 | D:1      | Found a faded altar of an unknown god.
   922 | D:1      | Became a worshipper of Jiyva Jira the Shapeless
   922 | D:1      | Reached * piety under Jiyva
   961 | D:1      | Reached XP level 3. HP: 23/23 MP: 3/3
  1805 | D:2      | Noticed Sigmund
  1812 | D:2      | Mangled by Sigmund

Illustrated notes

Levels and vault maps discovered:
D:1:      eino_arrival_cavern_b, layout_rooms,
          hellmonk_ecumenical_altar_run_dry, st_stairs_5
D:2:      layout_basic, uniq_sigmund

Action                   || total
-------------------------++-------
Melee: Flail             ||    37
       Mace              ||    63
  Use: Potion            ||     1
Armor: Scale mail        ||    59
Dodge: Dodged            ||    35
Block: Kite shield       ||    59

Table legend: (Time is in decaauts)
 A = Elapsed time spent in this place.
 B = Non-inter-level travel time spent in this place.
 C = Inter-level travel time spent in this place.
 D = Time resting spent in this place.
 E = Time spent auto-exploring this place.
 F = Levels seen in this place.
 G = Mean time per level.
                   A        B        C        D        E       F      G
               +--------+--------+--------+--------+--------+-----+--------+
         Total |   1863 |   1776 |     87 |    200 |   1327 |   2 |  931.5 |
       Dungeon |   1863 |   1776 |     87 |    200 |   1327 |   2 |  931.5 |
               +--------+--------+--------+--------+--------+-----+--------+

Top non-repeatable levels by time:
     D:1: 1399 daAuts
     D:2: 464 daAuts
